 Dungeon Crawl Stone Soup version 0.22-a0-414-gacd343e8ff (webtiles) character file.

48 Manul the Ducker (level 3, -3/27 HPs)
             Began as a Demonspawn Gladiator on May 13, 2018.
             Slain by Sigmund
             ... wielding a +5 scythe of protection
              (10 damage)
             ... on level 2 of the Dungeon.
             The game lasted 00:02:11 (1580 turns).

Manul the Ducker (Demonspawn Gladiator)             Turns: 1580, Time: 00:02:12

Health: -3/27      AC:  5    Str: 14    XL:     3   Next: 50%
Magic:  3/3        EV: 13    Int:  9    God:
Gold:   62         SH:  4    Dex: 15    Spells: 2/2 levels left

rFire    . . .     SeeInvis .   a - +0 long sword
rCold    . . .     Gourm    .   (no shield)
rNeg     . . .     Faith    .   b - +0 leather armour
rPois    .         Spirit   .   c - +0 helmet
rElec    .         Reflect  .   (no cloak)
rCorr    .         Harm     .   (no gloves)
MR       .....                  i - +0 pair of boots
Stlth    ++........             (no amulet)
HPRegen  0.09/turn              (no ring)
MPRegen  0.08/turn              (no ring)

@: flying
A: large bone plates 1, nightstalker 1
a: no special abilities


You were on level 2 of the Dungeon.
You were not hungry.

You visited 1 branch of the dungeon, and saw 2 of its levels.

You collected 62 gold pieces.

Inventory:

Hand Weapons
 a - a +0 long sword (weapon)
Armour
 b - a +0 leather armour (worn)
 c - a +0 helmet (worn)
 i - a +0 pair of boots (worn)
Scrolls
 j - a scroll of identify {unknown}
Potions
 e - a potion of flight
 h - a potion of resistance {unknown}
 k - a potion of lignification {unknown}
 l - a potion of mutation {unknown}
Comestibles
 f - a ration


   Skills:
 + Level 2.1 Fighting
 + Level 3.2 Long Blades
 + Level 1.8 Throwing
 + Level 0.7 Armour
 + Level 3.3 Dodging
 + Level 0.8 Stealth


You had 2 spell levels left.
You didn't know any spells.
Your spell library was empty.

Dungeon Overview and Level Annotations

Branches:
Dungeon (2/15)

Altars:

Annotations:
D:2 Sigmund


Innate Abilities, Weirdness & Mutations

You are partially covered in large bone plates. (SH +4)
You are slightly more attuned to the shadows.


Message History

Sigmund casts a spell at you. The magic dart hits you!
Sigmund struggles against the net.
The net rips apart, and Sigmund comes free!
You hit Sigmund.
Sigmund is moderately wounded.
The bat closely misses you.
You hit Sigmund but do no damage.
Sigmund is moderately wounded.
The bat hits you but does no damage.
Sigmund hits you with a scythe of protection.
* * * LOW HITPOINT WARNING * * *
You hit Sigmund.
Sigmund is moderately wounded.
The bat closely misses you. Sigmund closely misses you.
The bat hits you but does no damage.
It was a potion of flight.
You feel very buoyant.
You fly up into the air.
The bat hits you but does no damage.
Sigmund hits you with a scythe of protection!
You die...

####### #...$.#
#.###.# #.# #.#
####.###.# .
#<..@@.#.#
..####.##b#.#.#####
..........#.#.....#
..#?.รท....#.#####.#
#...)...#..$....#
#.:.......#####.#
#.......#.#####.#
#.......#.##....#
#.?....(#.##.##.#


You could see Sigmund and a bat.

Vanquished Creatures
  A dart slug (D:1)
  2 ball pythons
  4 giant cockroaches
  5 goblins
  10 hobgoblins (D:1)
  4 jackals (D:1)
  4 kobolds
  2 bats (D:1)
  2 frilled lizards (D:1)
  5 rats
39 creatures vanquished.

Notes
Turn   | Place    | Note
-------+----------+-------------------------------------------
     0 | D:1      | Manul the Demonspawn Gladiator began the quest for the Orb.
     0 | D:1      | Reached XP level 1. HP: 16/16 MP: 1/1
   136 | D:1      | Gained mutation: You are slightly more attuned to the shadows. [demonic ancestry]
   136 | D:1      | Reached XP level 2. HP: 13/22 MP: 2/2
   768 | D:1      | Gained mutation: You are partially covered in large bone plates. (SH +4) [demonic ancestry]
   768 | D:1      | Reached XP level 3. HP: 21/27 MP: 3/3
  1236 | D:2      | Noticed Sigmund
  1580 | D:2      | Slain by Sigmund

Vault maps used:
D:1:      dpeg_chamrin_arrival_tetris, grunt_decor_one_mirror,
          dk_noncrumbling_3, kennysheep_pointless_box,
          minmay_misc_feat_more_columns, wad_floor_pattern_untrapped
D:2:      uniq_sigmund

Skill      XL: |  1  2 |
---------------+-------+-----
Dodging        | 3 |  3.3
Long Blades    | 3 |  3.2
Fighting       | |  2.1
Throwing       | |  1.8
Armour         | |  0.7
Stealth        | |  0.8

Action                   || total
-------------------------++-------
Melee: Long sword        ||    87
Throw: Throwing net      ||     3
  Use: Potion            ||     1
 Stab: Sleeping          ||    11
       Held in net/web   ||     1
  Eat: Ration            ||     1
       Chunk             ||     1
Armor: Leather armour    ||    28
Dodge: Dodged            ||    80
Block: Other             ||     5
       Rpst.: Long sword ||    26

Table legend:
 A = Spawn XP
 B = Non-spawn XP
 C = Spawn XP percentage of total XP
 D = Spawn monster count
 E = Non-spawn monster count
 F = Spawn count percentage of total count
 G = Total turns spent on level
                    A         B        C        D         E        F      G
               +---------+---------+-------+---------+---------+-------+---------
         Total |       0 |      69 |   0.0 |       0 |      39 |   0.0 |  1580
               +---------+---------+-------+---------+---------+-------+---------
           D:1 |       0 |      61 |   0.0 |       0 |      34 |   0.0 |  1503
           D:2 |       0 |       8 |   0.0 |       0 |       5 |   0.0 |    77
               +---------+---------+-------+---------+---------+-------+---------
